 Dungeon Crawl Stone Soup version 0.29-a0-700-g2f1814c7b2 (webtiles) character file.

Game seed: 13416841570022506758

2554 ytrimaz the Slicer (level 9, -1/56 (57) HPs)
             Began as an Octopode Fighter on June 25, 2022.
             Slain by a shadow (24 damage)
             ... on level 7 of the Dungeon on June 26, 2022.
             The game lasted 00:13:51 (10453 turns).

ytrimaz the Slicer (Octopode Fighter)              Turns: 10453, Time: 00:13:52

HP:   -1/56 (57)    AC:  1    Str: 15    XL:     9   Next: 56%
MP:   18/18         EV: 20    Int: 17    God:
Gold: 559           SH:  5    Dex: 15    Spells: 8/8 levels left

rFire   + . .      SeeInvis .   a - +0 rapier
rCold   . . .      Faith    .   b - +0 buckler
rNeg    . . .      Spirit   .   (helmet restricted)
rPois   .          Reflect  .   n - amulet of the acrobat
rElec   .          Harm     .   e - ring of resist corrosion
rCorr   +          Rampage  .   g - +4 ring of evasion
Will    .....                   t - +6 ring of intelligence
Stlth   ++++......              v - ring of protection from fire
HPRegen 0.18/turn               l - ring of magical power
MPRegen 0.16/turn               (no ring)
                                (no ring)
                                (no ring)

@: lightly drained
A: almost no armour, amphibious, 8 rings, camouflage 1, gelatinous body 1,
(nimble swimmer 1), tentacles, tentacle spike 1, MP-powered wands
a: no special abilities


You were on level 7 of the Dungeon.
You visited 2 branches of the dungeon, and saw 8 of its levels.
You also visited: Ossuary and Bailey.

You collected 559 gold pieces.

Inventory:

Hand Weapons
 a - a +0 rapier (weapon)
 s - a +2 dagger of electrocution
 B - a +4 dagger
Missiles
 c - a throwing net
Armour
 b - a +0 buckler (worn)
Jewellery
 e - a ring of resist corrosion (left tentacle)
 g - a +4 ring of evasion (right tentacle)
 l - a ring of magical power (on tentacle)
 n - an amulet of the acrobat (around mantle)
 p - an amulet of faith
 t - a +6 ring of intelligence (on tentacle)
 v - a ring of protection from fire (on tentacle)
Wands
 d - a wand of flame (27)
 r - a wand of iceblast (12) (quivered)
Scrolls
 h - a scroll of enchant weapon
 j - 3 scrolls of teleportation
 k - 2 scrolls of amnesia
 q - a scroll of identify
 u - 2 scrolls of noise
 w - a scroll of vulnerability
 y - 3 scrolls of enchant armour
 A - a scroll of fog
Potions
 f - 4 potions of mutation
 i - a potion of resistance
 m - 4 potions of attraction
 o - 2 potions of flight
 x - a potion of curing
 z - a potion of lignification
 C - 2 potions of might
 D - 2 potions of magic
 E - a potion of haste
 F - 2 potions of heal wounds


   Skills:
 + Level 3.3 Fighting
 + Level 8.8 Short Blades
 - Level 8.0 Dodging
 - Level 7.0 Stealth
 - Level 4.0 Shields


You had 8 spell levels left.
You didn't know any spells.
Your spell library contained the following spells:

 Spells                   Type           Power      Damage    Failure   Level
 Slow                     Hex            0%         N/A       30%         1
 Ensorcelled Hibernation  Hex/Ice        0%         N/A       41%         2
 Passwall                 Tmut/Erth      0%         N/A       41%         2
 Static Discharge         Conj/Air       0%         N/A       41%         2
 Confusing Touch          Hex            0%         N/A       65%         3
 Gell's Gravitas          Tloc           0%         N/A       65%         3
 Lesser Beckoning         Tloc           0%         N/A       65%         3
 Summon Guardian Golem    Hex/Summ       0%         N/A       65%         3
 Swiftness                Air            0%         N/A       65%         3
 Teleport Other           Tloc           0%         N/A       65%         3
 Vampiric Draining        Necr           0%         2d6       65%         3
 Dispel Undead            Necr           0%         3d6       96%         4
 Sticky Flame             Conj/Fire      0%         2d3       96%         4
 Orb of Destruction       Conj           0%         9d5       100%        7
 Spellforged Servitor     Conj/Summ      0%         N/A       100%        7


Dungeon Overview and Level Annotations

Branches:
Dungeon (7/15)             Temple (1/1) D:7         Ossuary (visited)
 Bailey (visited)

Altars:
Cheibriados
Dithmenos
Elyvilon
Fedhas
Gozag
Hepliaklqana
Kikubaaqudgha
Makhleb
Okawaru
Qazlal
Ru
Sif Muna
Trog
Uskayaw
Vehumet
Xom
Yredelemnul
Zin
The Shining One

Shops:
D:4 :


Innate Abilities, Weirdness & Mutations

You cannot wear most types of armour.
You are amphibious.
You can wear up to eight rings at the same time.
Your skin changes colour to match your surroundings (Stealth+).
Your rubbery body absorbs attacks. (AC +1, EV +1)
((You are camouflaged when in or above water. (Stealth+)))
You have tentacles for arms and can constrict up to eight enemies at once.
One of your tentacles bears a spike.
You expend magic power (3 MP) to strengthen your wands.


Message History

You barely miss the shadow.
Your tentacle spike misses the shadow.
Your squeeze misses the shadow.
The shadow is lightly damaged.
The shadow barely misses you.
You closely miss the shadow.
You pierce the shadow, but do no damage.
You squeeze the shadow.
The shadow is lightly damaged.
You are too injured to fight recklessly!
You completely miss the shadow.
The shadow is lightly damaged.
The shadow hits you.
Unknown command.
You hit the shadow.
The shadow is moderately damaged.
The shadow hits you.
You hit the shadow but do no damage.
You pierce the shadow, but do no damage.
The shadow is moderately damaged.
The shadow closely misses you.
You hit the shadow but do no damage.
You pierce the shadow, but do no damage.
You squeeze the shadow.
The shadow is moderately damaged.
You hit the shadow but do no damage.
You pierce the shadow, but do no damage.
Your squeeze misses the shadow.
The shadow is moderately damaged.
The shadow hits you.
You hit the shadow.
You pierce the shadow, but do no damage.
You tentacle-slap the shadow, but do no damage.
Your squeeze misses the shadow.
The shadow is moderately damaged.
The shadow slips into darkness.
The shadow flickers and vanishes!
Deactivating autopickup; reactivate with Ctrl-A.
You barely miss something.
You pierce something.
Your squeeze misses something.
The shadow strikes at you from the darkness!
You die...

#############** #............,*
#............,* #............,*
#............,* #............,*
########[...@{......,* #
#.......###'###.....,*
#####.......#.....*,,...,**
....#.......#.....#,,,,.,,*
....#.......#.....#,,,,,,,*
....#.......#.....#,,,,,,,*
....#.......#######,,<***** ####
....#.......#.....#,,,*#######_#8
....#.......#.....#,,,##.#.#.#.#.


There were no monsters in sight!

Vanquished Creatures
  A steam dragon (D:7)
  Menkaure (Ossuary)
  6 orc warriors (Bailey)
  A sky beast (D:7)
  An ice beast (D:7)
  A black bear (D:6)
  An ogre (D:4)
  2 kobold brigands (D:5)
  A bullfrog (D:6)
  A gnoll sergeant (D:5)
  2 scorpions
  3 wights (D:7)
  4 howler monkeys
  A jelly (D:6)
  2 orc priests (D:4)
  2 hounds
  4 orc wizards
  3 mummies (Ossuary)
  6 adders
  10 gnolls
  A shadow imp (D:5)
  An ufetubus (D:5)
  3 dart slugs
  23 orcs
  6 endoplasms
  A giant cockroach (D:4)
  6 gnoll zombies (Ossuary)
  9 goblins
  12 hobgoblins
  4 jackals (D:3)
  5 quokkas
  A ball python (D:4)
  6 bats
  7 frilled lizards
  6 gnoll skeletons (Ossuary)
  5 goblin skeletons (Ossuary)
  3 goblin zombies (Ossuary)
  5 hobgoblin skeletons (Ossuary)
  6 hobgoblin zombies (Ossuary)
  11 kobolds
  3 kobold skeletons (Ossuary)
  5 kobold zombies (Ossuary)
  4 orc skeletons (Ossuary)
  An orc zombie (Ossuary)
  3 rats
  2 rat skeletons (Ossuary)
  4 rat zombies (Ossuary)
196 creatures vanquished.

Vanquished Creatures (collateral kills)
  An orc warrior (Bailey)
  8 orcs (Bailey)
9 creatures vanquished.

Grand Total: 205 creatures vanquished

Notes
Turn   | Place    | Note
-------+----------+-------------------------------------------
     0 | D:1      | ytrimaz the Octopode Fighter began the quest for the Orb.
     0 | D:1      | Reached XP level 1. HP: 16/16 MP: 1/1
     4 | D:1      | Found a faded altar of an unknown god.
   423 | D:1      | Reached XP level 2. HP: 21/21 MP: 2/2
  1240 | D:1      | Reached XP level 3. HP: 26/26 MP: 3/3
  2072 | D:3      | HP: 1/26 [orc/+0 hand axe (6)]
  2405 | D:3      | Gained mutation: One of your tentacles bears a spike.
                  | [potion of mutation]
  2405 | D:3      | Gained mutation: You expend magic power (3 MP) to
                  | strengthen your wands. [potion of mutation]
  2514 | D:3      | Reached XP level 4. HP: 31/31 MP: 4/4
  2522 | D:3      | You fall into a shaft and drop 3 floors!
  2524 | D:6      | Found a sand-covered staircase.
  2542 | Ossuary  | Entered an ossuary
  2898 | Ossuary  | Noticed Menkaure
  2910 | Ossuary  | Killed Menkaure
  2911 | Ossuary  | Reached skill level 5 in Dodging
  2911 | Ossuary  | Reached XP level 5. HP: 36/36 MP: 5/5
  2929 | Ossuary  | Reached XP level 6. HP: 29/42 MP: 6/6
  3049 | D:5      | Entered Level 5 of the Dungeon
  3820 | D:4      | Reached XP level 7. HP: 18/46 MP: 0/7
  4789 | D:4      | Found Enown's Book Emporium.
  4837 | D:4      | Reached skill level 1 in Stealth
  6398 | D:6      | HP: 2/46 [gnoll/+0 whip of electrocution (16)]
  6400 | D:6      | Reached XP level 8. HP: 2/52 MP: 8/8
  6870 | D:6      | Reached skill level 5 in Stealth
  8042 | D:7      | Reached skill level 5 in Short Blades
  8194 | D:7      | Found a flagged portal.
  8208 | Bailey   | Entered a bailey
  8369 | Bailey   | Reached XP level 9. HP: 57/57 MP: 9/9
  8731 | Bailey   | Noticed an orc knight
  8731 | Bailey   | Noticed an orc knight
  8766 | Bailey   | Noticed an orc knight
  8766 | Bailey   | Noticed an orc knight
  9012 | Bailey   | HP: 1/57 [orc warrior/+0 bardiche (32)]
  9600 | D:7      | Found a staircase to the Ecumenical Temple.
  9617 | Temple   | Entered the Ecumenical Temple
 10212 | D:7      | Found an iron altar of Okawaru.
 10218 | D:7      | Found a white marble altar of Elyvilon.
 10453 | D:7      | Slain by a shadow

Illustrated notes

Levels and vault maps discovered:
D:1:      moated_graveyard_arrival, layout_loops_corners,
          hellmonk_ecumenical_altar_pennies_from_heaven,
          ebering_dispersal_statue_hall
D:2:      layout_rooms
D:3:      layout_loops_cross
D:4:      layout_loops_ring, amcnicky_mini_pool_small, nicolae_stop_n_shop_2,
          minmay_misc_feat_rugged
D:5:      cheibrodos_thug_alley, layout_basic, feat_on_display
D:6:      layout_loops_corners, lightli_ossuary_entry_decrepit_ruins
D:7:      layout_gridville, minitemple, temple_green, enter_bailey_4
Temple:   minmay_temple_bridge_d

Skill      XL: |  1  2  3  4  5  6  7  8  9 |
---------------+----------------------------+-----
Short Blades   | 3 6 8 |  8.8
Dodging        | 5 6 7 8 |  8.0
Shields        | 4 |  4.0
Stealth        | 4 7 |  7.0
Fighting       | |  3.3

Action                   |  1- 3 |  4- 6 |  7- 9 || total
-------------------------+-------+-------+-------++-------
Melee: Rapier            |    83 |   127 |   208 ||   418
       Constrict         |    20 |    46 |    46 ||   112
       Tentacles         |    15 |    20 |    55 ||    90
       Kick              |     3 |    53 |    94 ||   150
       Punch             |       |     7 |     4 ||    11
       Dagger            |       |     6 |       ||     6
Evoke: Wand              |       |     2 |     5 ||     7
  Use: Scroll            |     7 |     6 |    13 ||    26
       Potion            |     1 |     7 |     3 ||    11
 Stab: Sleeping          |     5 |     2 |     9 ||    16
       Invisible         |       |     2 |       ||     2
       Distracted        |       |       |     1 ||     1
Armor: Skin              |     9 |    20 |     4 ||    33
Dodge: Dodged            |    57 |    55 |   154 ||   266
Block: Buckler           |    20 |    16 |    35 ||    71

Table legend: (Time is in decaauts)
 A = Elapsed time spent in this place.
 B = Non-inter-level travel time spent in this place.
 C = Inter-level travel time spent in this place.
 D = Time resting spent in this place.
 E = Time spent auto-exploring this place.
 F = Levels seen in this place.
 G = Mean time per level.
                   A        B        C        D        E       F      G
               +--------+--------+--------+--------+--------+-----+--------+
         Total |  10464 |  10180 |    284 |   1718 |   6546 |  10 | 1046.4 |
       Dungeon |   8949 |   8670 |    279 |   1034 |   6294 |   7 | 1278.4 |
        Temple |    231 |    226 |      5 |      0 |    212 |   1 |  231.0 |
       Ossuary |    480 |    480 |      0 |     91 |     40 |   1 |  480.0 |
        Bailey |    802 |    802 |      0 |    593 |      0 |   1 |  802.0 |
               +--------+--------+--------+--------+--------+-----+--------+

Top non-repeatable levels by time:
     D:7: 1774 daAuts
     D:5: 1682 daAuts
     D:4: 1493 daAuts
     D:1: 1441 daAuts
     D:6: 1025 daAuts
     D:3: 932 daAuts
  Bailey: 802 daAuts
     D:2: 599 daAuts
 Ossuary: 480 daAuts
  Temple: 231 daAuts
